 Dungeon Crawl Stone Soup version 0.29.1-2-gbd0b4ee654 (webtiles) character file.

Game seed: 2937363575546337143

75 raph the Poker (level 4, 0/33 HPs)
             Began as a Merfolk Gladiator on Nov 17, 2022.
             Slain by Terence
             ... wielding a +0 flail
              (9 damage)
             ... on level 2 of the Dungeon.
             The game lasted 00:01:58 (1416 turns).

raph the Poker (Merfolk Gladiator)                  Turns: 1416, Time: 00:01:59

Health: 0/33       AC:  5    Str: 14    XL:     4   Next: 31%
Magic:  4/4        EV: 13    Int:  7    God:
Gold:   80         SH:  0    Dex: 17    Spells: 3/3 levels left

rFire   . . .      SeeInvis .   a - +0 trident
rCold   . . .      Faith    .   (no shield)
rNeg    . . .      Spirit   .   b - +0 leather armour
rPois   .          Reflect  .   c - +0 helmet
rElec   .          Harm     .   (no cloak)
rCorr   .          Rampage  .   (no gloves)
Will    .....                   m - +0 pair of boots
Stlth   +.........              (no amulet)
HPRegen 0.11/turn               (no ring)
MPRegen 0.09/turn               (no ring)

@: no status effects
A: (nimble swimmer 2), mertail
a: no special abilities


You were on level 2 of the Dungeon.
You visited 1 branch of the dungeon, and saw 2 of its levels.

You collected 80 gold pieces.

Inventory:

Hand Weapons
 a - a +0 trident (weapon)
Missiles
 d - 2 throwing nets (quivered)
 e - a javelin
 h - 6 poisoned darts
Armour
 b - a +0 leather armour (worn)
 c - a +0 helmet (worn)
 m - a +0 pair of boots (worn)
Jewellery
 k - a +6 ring of dexterity
 l - an amulet of guardian spirit
Scrolls
 f - a scroll of enchant weapon {unknown}
 g - a scroll of teleportation {unknown}
 i - a scroll of noise {unknown}
 j - 2 scrolls of identify {unknown}


   Skills:
 - Level 2.1 Fighting
 + Level 6.6 Polearms
 - Level 2.0 Throwing
 - Level 4.0 Dodging


You had 3 spell levels left.
You didn't know any spells.
Your spell library was empty.

Dungeon Overview and Level Annotations

Branches:
Dungeon (2/15)

Altars:

Shops:
D:1 *

Annotations:
D:2 Terence


Innate Abilities, Weirdness & Mutations

((You are very nimble when in or above water. (Stealth+, EV+, Speed+++)))
Your lower body shifts to a powerful aquatic tail in water.


Message History

Terence shouts!
The goblin hits you with a +0 dagger.
You hit the goblin.
The goblin is severely wounded.
The goblin hits you but does no damage.
You barely miss the goblin.
The goblin is severely wounded.
A giant cockroach comes into view.
The goblin barely misses you.
You puncture the goblin!
You kill the goblin!
You reach to attack!
You hit Terence.
Terence is moderately wounded.
You hit Terence.
Terence is heavily wounded.
Terence closely misses you.
You barely miss Terence.
Terence is heavily wounded.
Terence hits you with a +0 flail!
You hit Terence.
Terence is severely wounded.
Terence closely misses you.
You closely miss Terence.
Terence is severely wounded.
The giant cockroach bites you. Terence hits you with a +0 flail.
You barely miss Terence.
Terence is severely wounded.
The giant cockroach barely misses you. Terence barely misses you.
You hit Terence but do no damage.
Terence is severely wounded.
The giant cockroach bites you. Terence hits you with a +0 flail.
The giant cockroach completely misses you.
You completely miss Terence.
Terence is severely wounded.
The giant cockroach barely misses you. Terence hits you with a +0 flail!
* * * LOW HITPOINT WARNING * * *
You hit Terence but do no damage.
Terence is severely wounded.
The giant cockroach closely misses you. Terence hits you with a +0 flail!
You die...

...........####.##
.........#.....[.##.#
......<..#.####.....+
###.##.#.....# ...#
#.##.#.....# ...##+#
#.##.......# .......
###.###......####....>..
....# ##.......!#.......
†#######........@B......
...............†.@......
.#######.....#..........
.# #........#....... .#
#....##........|. .#
###..###......... .#
#..# ###....... .# #...#
....... .# #.#... .#..


You could see Terence and a giant cockroach.

Vanquished Creatures
  2 adders (D:2)
  3 dart slugs
  2 endoplasms (D:1)
  A giant cockroach (D:2)
  10 hobgoblins
  4 jackals (D:1)
  4 kobolds (D:1)
  2 quokkas (D:1)
  5 ball pythons
  2 bats (D:1)
  6 goblins
  5 rats
46 creatures vanquished.

Notes
Turn   | Place    | Note
-------+----------+-------------------------------------------
     0 | D:1      | raph the Merfolk Gladiator began the quest for the Orb.
     0 | D:1      | Reached XP level 1. HP: 16/16 MP: 1/1
    32 | D:1      | Reached XP level 2. HP: 22/22 MP: 2/2
   153 | D:1      | Reached skill level 5 in Polearms
   189 | D:1      | Found a faded altar of an unknown god.
   695 | D:1      | Reached XP level 3. HP: 22/27 MP: 3/3
   890 | D:1      | Found Benneasu's Assorted Antiques.
   902 | D:1      | Reached skill level 6 in Polearms
  1265 | D:2      | Reached XP level 4. HP: 30/33 MP: 4/4
  1401 | D:2      | Noticed Terence
  1416 | D:2      | Slain by Terence

Illustrated notes

Levels and vault maps discovered:
D:1:      minmay_arrival_doors, layout_basic, serial_shops, shop,
          chequers_ecumenical_altar_simple, minivault_24, st_stairs_9
D:2:      layout_rooms, minmay_liquid_box, uniq_terence

Skill      XL: |  1  2  3 |
---------------+----------+-----
Polearms       | 5 6 |  6.6
Fighting       | |  2.1
Throwing       | |  2.0
Dodging        | |  4.0

Action                   |  1- 3 |  4- 6 || total
-------------------------+-------+-------++-------
Melee: Trident           |   103 |    29 ||   132
       Punch             |       |     1 ||     1
Throw: Dart              |     2 |       ||     2
       Throwing net      |     1 |       ||     1
 Stab: Sleeping          |     1 |       ||     1
Armor: Leather armour    |    19 |     4 ||    23
Dodge: Dodged            |    50 |    12 ||    62
